TOP OF THE 1ST |
Danville Braves batting - Pitching for Bristol Pirates : RHP George Sechler
|
Pitching: RHP George Sechler
|
|
Batting: SHB Ian Arlotta
|
0-0: SINGLE (Groundball, 34S, EV 79.4 MPH) (infield hit)
|
Batting: LHB Oke Monti
|
0-0: Called Strike 0-1: Ball 1-1: Ball 2-1: Ball 3-1: Swinging Strike 3-2: Strikes out swinging Ian Arlotta steals 2nd base Batter strikes out.
|
Batting: LHB Alexis Cantu
|
0-0: Called Strike 0-1: Swinging Strike 0-2: Ball 1-2: Foul Ball, location: 2F 1-2: Strikes out swinging
|
Batting: RHB Jose Ramos
|
0-0: Ball 1-0: Called Strike 1-1: Ball 2-1: Foul Ball, location: 2F 2-2: Ball 3-2: Ground out 4-3 (Groundball, 13, EV 87.5 MPH)
|
Top of the 1st over - 0 runs, 1 hit, 0 errors, 1 left on base; Danville 0 - Bristol 0 |
BOTTOM OF THE 1ST |
Bristol Pirates batting - Pitching for Danville Braves : RHP Andy Britton
|
Pitching: RHP Andy Britton
|
|
Batting: RHB Perry Dominey
|
0-0: Swinging Strike 0-1: Ball 1-1: Swinging Strike 1-2: Ball 2-2: Strikes out swinging
|
Batting: RHB Pete Hutton
|
0-0: Ball 1-0: Ball 2-0: Ball 3-0: Called Strike 3-1: Base on Balls
|
Batting: LHB Randy Boone
|
0-0: Ball Pete Hutton steals 2nd base 1-0: Fly out, F6 (Flyball, 6D, EV 77.5 MPH)
|
Batting: RHB Etsuro Hosokawa
|
0-0: Called Strike 0-1: Ball 1-1: Ball 2-1: Ball 3-1: Base on Balls
|
Batting: LHB Tomohiro Yokoyama
|
0-0: Ball 1-0: Called Strike 1-1: Swinging Strike 1-2: Strikes out swinging
|
Bottom of the 1st over - 0 runs, 0 hits, 0 errors, 2 left on base; Danville 0 - Bristol 0 |
TOP OF THE 2ND |
Danville Braves batting - Pitching for Bristol Pirates : RHP George Sechler
|
Batting: SHB Gabriel Cruz
|
0-0: SINGLE (Line Drive, 9LM, EV 111.3 MPH)
|
Batting: RHB Zach Hulme
|
0-0: Ball 1-0: Ball 2-0: Called Strike 2-1: Foul Ball, location: 2F 2-2: Ball 3-2: Strikes out looking
|
Batting: RHB Yojiro Hayashi
|
0-0: Ball Gabriel Cruz steals 2nd base (no throw) 1-0: Ball 2-0: DOUBLE (Line Drive, 7LM, EV 111.3 MPH) Gabriel Cruz scores
|
Batting: RHB Ingidayehu Lagat
|
0-0: Ball 1-0: Ground out 4-3 (Groundball, 4S, EV 83.8 MPH) Yojiro Hayashi to third
|
Batting: RHB Adonis Jenifer
|
0-0: Called Strike 0-1: Ball 1-1: Swinging Strike 1-2: Foul Ball, location: 2F 1-2: Foul Ball, location: 2F 1-2: Ball 2-2: Strikes out swinging
|
Top of the 2nd over - 1 run, 2 hits, 0 errors, 1 left on base; Danville 1 - Bristol 0 |
BOTTOM OF THE 2ND |
Bristol Pirates batting - Pitching for Danville Braves : RHP Andy Britton
|
Batting: RHB Randy Bergman
|
0-0: Called Strike 0-1: Ball 1-1: Ball 2-1: Ball 3-1: Base on Balls
|
Batting: LHB Joe Wise
|
0-0: Called Strike 0-1: Foul Ball, location: 2F 0-2: Ball 1-2: Strikes out swinging
|
Batting: RHB Andrew DeRicco
|
0-0: Called Strike 0-1: Ball 1-1: Ball 2-1: Ball 3-1: Base on Balls Randy Bergman to second
|
Batting: RHB Rob Colley
|
0-0: Foul Ball, location: 2F 0-1: Swinging Strike 0-2: Ball 1-2: Ball 2-2: Foul Ball, location: 2F 2-2: Foul Ball, location: 2F 2-2: Ball 3-2: Foul Ball, location: 2F 3-2: Fielders Choice at 2nd, 5-4 (Groundball, 56, EV 92.5 MPH) Randy Bergman to third
|
Batting: RHB Perry Dominey
|
0-0: Called Strike 0-1: Called Strike 0-2: Foul Ball, location: 2F 0-2: Foul Ball, location: 2F 0-2: Ball 1-2: SINGLE (Flyball, 3D, EV 92.5 MPH) Randy Bergman scores Rob Colley to second Runner from 2nd tries for 3rd, SAFE, throw by RF made to third
|
Batting: RHB Pete Hutton
|
0-0: Ball 1-0: Called Strike 1-1: Called Strike 1-2: SINGLE (Groundball, 5S, EV 70.0 MPH) (infield hit) Rob Colley scores Perry Dominey to second
|
Batting: LHB Randy Boone
|
0-0: Ball 1-0: Swinging Strike 1-1: Swinging Strike 1-2: Foul Ball, location: 2F 1-2: Ball 2-2: Ball 3-2: Base on Balls Perry Dominey to third Pete Hutton to second
|
Batting: RHB Etsuro Hosokawa
|
0-0: Ground out 4-3 (Groundball, 34, EV 78.8 MPH)
|
Bottom of the 2nd over - 2 runs, 2 hits, 0 errors, 3 left on base; Danville 1 - Bristol 2 |
TOP OF THE 3RD |
Danville Braves batting - Pitching for Bristol Pirates : RHP George Sechler
|
Now at C: Ruben Garza
|
|
Batting: SHB Ian Arlotta
|
0-0: Ball 1-0: Ball 2-0: Called Strike 2-1: DOUBLE (Groundball, 3L, EV 103.1 MPH)
|
Batting: LHB Oke Monti
|
0-0: Foul Ball, location: 2F 0-1: Foul Ball, location: 2F 0-2: Ball 1-2: Ground out 6-3 (Groundball, 6, EV 86.9 MPH) Ian Arlotta to third
|
Batting: LHB Alexis Cantu
|
0-0: Ball 1-0: Ball 2-0: Ball 3-0: Base on Balls
|
Batting: RHB Jose Ramos
|
0-0: DOUBLE (Line Drive, 89XD, EV 103.8 MPH) Ian Arlotta scores Alexis Cantu to third
|
Batting: SHB Gabriel Cruz
|
0-0: Ball 1-0: Ball 2-0: Ball 3-0: Called Strike 3-1: Base on Balls
|
Batting: RHB Zach Hulme
|
0-0: SINGLE (Line Drive, 9S, EV 91.3 MPH) Alexis Cantu scores Jose Ramos to third Gabriel Cruz to second Runner from 3rd tries for Home, SAFE, throw by RF to home
|
Batting: RHB Yojiro Hayashi
|
0-0: Fielders Choice at 2nd, 6-4 (Groundball, 6, EV 111.3 MPH) Gabriel Cruz to third
|
Batting: RHB Ingidayehu Lagat
|
0-0: Foul Ball, location: 2F 0-1: Foul Ball, location: 2F 0-2: Ball 1-2: Ball 2-2: Fielders Choice at 2nd, 6-4 (Groundball, 6, EV 75.6 MPH)
|
Top of the 3rd over - 3 runs, 3 hits, 0 errors, 2 left on base; Danville 4 - Bristol 2 |
BOTTOM OF THE 3RD |
Bristol Pirates batting - Pitching for Danville Braves : RHP Andy Britton
|
Batting: LHB Tomohiro Yokoyama
|
0-0: Foul Ball, location: 2F 0-1: Foul Ball, location: 2F 0-2: Ball 1-2: Foul Ball, location: 2F 1-2: Strikes out looking
|
Batting: RHB Randy Bergman
|
0-0: Called Strike 0-1: Foul Ball, location: 2F 0-2: Strikes out swinging
|
Batting: LHB Joe Wise
|
0-0: Swinging Strike 0-1: Called Strike 0-2: Ball 1-2: Ball 2-2: Foul Ball, location: 2F 2-2: Ball 3-2: Foul Ball, location: 2F 3-2: Strikes out swinging
|
Bottom of the 3rd over - 0 runs, 0 hits, 0 errors, 0 left on base; Danville 4 - Bristol 2 |
TOP OF THE 4TH |
Danville Braves batting - Pitching for Bristol Pirates : RHP George Sechler
|
Batting: RHB Adonis Jenifer
|
0-0: Swinging Strike 0-1: Fly out, F6 (Popup, 6MS, EV 85.0 MPH)
|
Batting: SHB Ian Arlotta
|
0-0: Ball 1-0: Ball 2-0: Ball 3-0: Base on Balls
|
Batting: LHB Oke Monti
|
0-0: Ball 1-0: Ball 2-0: Foul Ball, location: 2F 2-1: Ball Ian Arlotta steals 2nd base 3-1: Called Strike 3-2: Fly out, F9 (Flyball, 9LD, EV 108.8 MPH) Runner from 2nd tags up, SAFE at 3rd, no throw by RF
|
Batting: LHB Alexis Cantu
|
0-0: Ball 1-0: Ball Wild Pitch! Ian Arlotta scores 2-0: Called Strike 2-1: Foul Ball, location: 2F 2-2: Hit by Pitch
|
Pitching: LHP Phil DeCamp
|
|
Batting: RHB Jose Ramos
|
0-0: Called Strike 0-1: Ball 1-1: Swinging Strike 1-2: Foul Ball, location: 2F 1-2: Strikes out swinging
|
Top of the 4th over - 1 run, 0 hits, 0 errors, 1 left on base; Danville 5 - Bristol 2 |
BOTTOM OF THE 4TH |
Bristol Pirates batting - Pitching for Danville Braves : RHP Andy Britton
|
Batting: LHB Ruben Garza
|
0-0: Ball 1-0: Ball 2-0: Called Strike 2-1: Ball 3-1: Called Strike 3-2: Base on Balls
|
Batting: RHB Rob Colley
|
0-0: Ball Wild Pitch! Ruben Garza to second 1-0: Ball 2-0: Ground out 4-3 (Groundball, 4, EV 99.4 MPH) Ruben Garza to third
|
Batting: RHB Perry Dominey
|
0-0: Swinging Strike 0-1: Swinging Strike 0-2: Fly out, F8 (Flyball, 8RD, EV 85.6 MPH) Runner from 3rd tags up, OUT at HOME! 8-2
|
Bottom of the 4th over - 0 runs, 0 hits, 0 errors, 0 left on base; Danville 5 - Bristol 2 |
TOP OF THE 5TH |
Danville Braves batting - Pitching for Bristol Pirates : LHP Phil DeCamp
|
Batting: SHB Gabriel Cruz
|
0-0: Ball 1-0: Called Strike 1-1: Ball 2-1: SINGLE (Line Drive, 78M, EV 95.6 MPH)
|
Batting: RHB Zach Hulme
|
0-0: Called Strike 0-1: Called Strike 0-2: Ball 1-2: DOUBLE (Line Drive, 9LM, EV 91.3 MPH) Gabriel Cruz to third
|
Batting: RHB Yojiro Hayashi
|
0-0: Swinging Strike 0-1: Swinging Strike 0-2: Strikes out looking
|
Batting: RHB Ingidayehu Lagat
|
0-0: Ball 1-0: Ball 2-0: Ball 3-0: Called Strike 3-1: Swinging Strike 3-2: Foul Ball, location: 2F 3-2: Strikes out swinging
|
Batting: RHB Adonis Jenifer
|
0-0: Called Strike 0-1: Ground out 5-3 (Groundball, 5, EV 89.4 MPH)
|
Top of the 5th over - 0 runs, 2 hits, 0 errors, 2 left on base; Danville 5 - Bristol 2 |
BOTTOM OF THE 5TH |
Bristol Pirates batting - Pitching for Danville Braves : RHP Andy Britton
|
Batting: RHB Pete Hutton
|
0-0: Ball 1-0: Called Strike 1-1: Ground out 5-3 (Groundball, 5S, EV 92.5 MPH)
|
Batting: LHB Randy Boone
|
0-0: Ball 1-0: Called Strike 1-1: Fly out, F4 (Line Drive, 4, EV 73.1 MPH)
|
Batting: RHB Etsuro Hosokawa
|
0-0: Called Strike 0-1: Ball 1-1: Called Strike 1-2: Foul Ball, location: 2F 1-2: Foul Ball, location: 2F 1-2: Strikes out swinging
|
Bottom of the 5th over - 0 runs, 0 hits, 0 errors, 0 left on base; Danville 5 - Bristol 2 |
TOP OF THE 6TH |
Danville Braves batting - Pitching for Bristol Pirates : LHP Phil DeCamp
|
Batting: SHB Ian Arlotta
|
0-0: Ball 1-0: Called Strike 1-1: TRIPLE (Line Drive, 78XD, EV 108.8 MPH)
|
Batting: LHB Oke Monti
|
0-0: Ball 1-0: Ball 2-0: Foul Ball, location: 2F 2-1: Swinging Strike Passed Ball! Ian Arlotta scores 2-2: Fly out, F5 (Popup, 56S, EV 76.9 MPH)
|
Batting: LHB Alexis Cantu
|
0-0: Fly out, F9 (Flyball, 9S, EV 90.0 MPH)
|
Batting: RHB Jose Ramos
|
0-0: Ball 1-0: Ball 2-0: Ball 3-0: Called Strike 3-1: Base on Balls
|
Batting: SHB Gabriel Cruz
|
0-0: Called Strike 0-1: Ball 1-1: Ball Wild Pitch! Jose Ramos to second 2-1: Foul Ball, location: 2F 2-2: Ball 3-2: Foul Ball, location: 2F 3-2: Base on Balls
|
Pitching: RHP Frank Morris
|
|
Batting: RHB Zach Hulme
|
0-0: Ground out 5-3 (Groundball, 5L, EV 81.9 MPH)
|
Top of the 6th over - 1 run, 1 hit, 0 errors, 2 left on base; Danville 6 - Bristol 2 |
BOTTOM OF THE 6TH |
Bristol Pirates batting - Pitching for Danville Braves : RHP Andy Britton
|
Pitching: LHP Justin Hawk
|
|
Batting: LHB Tomohiro Yokoyama
|
0-0: Ball 1-0: Ball 2-0: Fly out, F7 (Flyball, 7LD, EV 95.6 MPH)
|
Batting: RHB Randy Bergman
|
0-0: Ball 1-0: Ball 2-0: Ball 3-0: Called Strike 3-1: Called Strike 3-2: Strikes out looking
|
Batting: LHB Joe Wise
|
0-0: Ball 1-0: Ball 2-0: Called Strike 2-1: Ground out 6-3 (Groundball, 6, EV 97.5 MPH)
|
Bottom of the 6th over - 0 runs, 0 hits, 0 errors, 0 left on base; Danville 6 - Bristol 2 |
TOP OF THE 7TH |
Danville Braves batting - Pitching for Bristol Pirates : RHP Frank Morris
|
Batting: RHB Yojiro Hayashi
|
0-0: Ball 1-0: Ground out U3 (Groundball, 13, EV 78.1 MPH)
|
Batting: RHB Ingidayehu Lagat
|
0-0: Called Strike 0-1: Fly out, F8 (Flyball, 8RS, EV 88.1 MPH)
|
Batting: RHB Adonis Jenifer
|
0-0: Ball 1-0: TRIPLE (Line Drive, 78XD, EV 100.6 MPH)
|
Batting: SHB Ian Arlotta
|
0-0: Ball Passed Ball! Adonis Jenifer scores 1-0: Ball 2-0: Foul Ball, location: 2F 2-1: Ground out U3 (Groundball, 3L, EV 86.9 MPH)
|
Top of the 7th over - 1 run, 1 hit, 0 errors, 0 left on base; Danville 7 - Bristol 2 |
BOTTOM OF THE 7TH |
Bristol Pirates batting - Pitching for Danville Braves : LHP Justin Hawk
|
Batting: LHB Ruben Garza
|
0-0: Ground out 4-3 (Groundball, 4, EV 83.1 MPH)
|
Batting: RHB Rob Colley
|
0-0: Called Strike 0-1: Ball 1-1: Ball 2-1: Called Strike 2-2: Fly out, F8 (Flyball, 8LD, EV 95.0 MPH)
|
Batting: RHB Perry Dominey
|
0-0: Ball 1-0: Called Strike 1-1: Foul Ball, location: 2F 1-2: Foul Ball, location: 2F 1-2: Foul Ball, location: 2F 1-2: Strikes out swinging
|
Bottom of the 7th over - 0 runs, 0 hits, 0 errors, 0 left on base; Danville 7 - Bristol 2 |
TOP OF THE 8TH |
Danville Braves batting - Pitching for Bristol Pirates : RHP Frank Morris
|
Batting: LHB Oke Monti
|
0-0: Ball 1-0: Ball 2-0: Called Strike 2-1: Called Strike 2-2: Foul Ball, location: 2F 2-2: Strikes out swinging
|
Batting: LHB Alexis Cantu
|
0-0: Ball 1-0: Called Strike 1-1: SINGLE (Line Drive, 34D, EV 98.8 MPH)
|
Batting: RHB Jose Ramos
|
0-0: Ball 1-0: DOUBLE (Flyball, 8RXD, EV 96.9 MPH) Alexis Cantu to third Runner from 3rd tries for Home, SAFE, no throw by CF
|
Batting: SHB Gabriel Cruz
|
0-0: Called Strike 0-1: Ground out 1-3 (Groundball, 13S, EV 68.8 MPH) Jose Ramos to third
|
Batting: RHB Zach Hulme
|
0-0: Fly out, F9 (Flyball, 9D, EV 94.4 MPH)
|
Top of the 8th over - 1 run, 2 hits, 0 errors, 1 left on base; Danville 8 - Bristol 2 |
BOTTOM OF THE 8TH |
Bristol Pirates batting - Pitching for Danville Braves : LHP Justin Hawk
|
Batting: RHB Pete Hutton
|
0-0: SINGLE (Line Drive, 4M, EV 94.4 MPH)
|
Pitching: RHP Jose Medina
|
|
Batting: LHB Randy Boone
|
0-0: Ball 1-0: Foul Ball, location: 2F 1-1: Ball 2-1: Ball 3-1: Base on Balls Pete Hutton to second
|
Batting: RHB Etsuro Hosokawa
|
0-0: Ball 1-0: Called Strike 1-1: Ball 2-1: Grounds into double play, 4-6-3 (Groundball, 34D, EV 103.1 MPH) Pete Hutton to third
|
Batting: LHB Tomohiro Yokoyama
|
0-0: SINGLE (Groundball, 34S, EV 84.4 MPH) (infield hit) Pete Hutton scores
|
Batting: RHB Randy Bergman
|
0-0: Ball 1-0: Ball 2-0: Ball 3-0: Called Strike 3-1: Foul Ball, location: 2F 3-2: Ground out 5-3 (Groundball, 56S, EV 62.5 MPH)
|
Bottom of the 8th over - 1 run, 2 hits, 0 errors, 1 left on base; Danville 8 - Bristol 3 |
TOP OF THE 9TH |
Danville Braves batting - Pitching for Bristol Pirates : RHP Frank Morris
|
Batting: RHB Yojiro Hayashi
|
0-0: Foul Ball, location: 2F 0-1: Foul Ball, location: 2F 0-2: SINGLE (Groundball, 6S, EV 76.9 MPH) (infield hit)
|
Batting: RHB Ingidayehu Lagat
|
0-0: Ball Wild Pitch! Yojiro Hayashi to second 1-0: Ball Passed Ball! Yojiro Hayashi to third 2-0: Ground out 6-3 (Groundball, 6, EV 88.8 MPH) Yojiro Hayashi scores
|
Batting: RHB Adonis Jenifer
|
0-0: TRIPLE (Flyball, 8LXD, EV 98.8 MPH)
|
Pitching: LHP Norm Silveira-Wray
|
|
Batting: SHB Ian Arlotta
|
0-0: Called Strike 0-1: Ball 1-1: Called Strike 1-2: Ball 2-2: Ball 3-2: Foul Ball, location: 2F 3-2: Foul Ball, location: 2F 3-2: Foul Ball, location: 2F 3-2: Hit by Pitch
|
Batting: LHB Oke Monti
|
0-0: Called Strike 0-1: Ball Wild Pitch! Adonis Jenifer scores Ian Arlotta to second 1-1: Swinging Strike 1-2: Foul Ball, location: 2F 1-2: Ground out U3 (Groundball, 3, EV 89.4 MPH) Ian Arlotta to third
|
Batting: LHB Alexis Cantu
|
0-0: Ball 1-0: Called Strike 1-1: SINGLE (Groundball, 34D, EV 103.1 MPH) Ian Arlotta scores
|
Batting: RHB Jose Ramos
|
0-0: Fly out, F8 (Flyball, 89M, EV 93.8 MPH)
|
Top of the 9th over - 3 runs, 3 hits, 0 errors, 1 left on base; Danville 11 - Bristol 3 |
BOTTOM OF THE 9TH |
Bristol Pirates batting - Pitching for Danville Braves : RHP Jose Medina
|
Batting: LHB Joe Wise
|
0-0: Ball 1-0: Ground out 4-3 (Groundball, 4MD, EV 105.0 MPH)
|
Batting: LHB Ruben Garza
|
0-0: Called Strike 0-1: Ball 1-1: Ball 2-1: Called Strike 2-2: Foul Ball, location: 2F 2-2: Foul Ball, location: 2F 2-2: Ball 3-2: Base on Balls
|
Pitching: RHP Gordon Cushing
|
|
Batting: RHB Rob Colley
|
0-0: Called Strike 0-1: Swinging Strike 0-2: Strikes out swinging
|
Batting: RHB Perry Dominey
|
0-0: Called Strike 0-1: Foul Ball, location: 2F 0-2: Strikes out looking
|
Bottom of the 9th over - 0 runs, 0 hits, 0 errors, 1 left on base; Danville 11 - Bristol 3 |
|